 Dungeon Crawl Stone Soup version 0.27.1-16-g815e20cd7a (webtiles) character file.

Game seed: 12928306020307392792

65 spaced the Ogre Mage (level 4, -4/41 HPs)
             Began as an Ogre Hedge Wizard on Nov 23, 2021.
             Slain by an iguana (7 damage)
             ... on level 2 of the Dungeon.
             The game lasted 00:11:37 (2992 turns).

spaced the Ogre Mage (Ogre Hedge Wizard)            Turns: 2992, Time: 00:11:38

Health: -4/41      AC:  3    Str: 14    XL:     4   Next: 14%
Magic:  3/10       EV:  9    Int: 16    God:
Gold:   47         SH:  0    Dex:  8    Spells: 5/12 levels left

rFire    . . .     SeeInvis .   a - +0 dagger
rCold    . . .     Faith    .   (no shield)
rNeg     . . .     Spirit   .   b - +0 robe
rPois    .         Reflect  .   c - +0 hat
rElec    .         Harm     .   (no cloak)
rCorr    .         Rampage  .   (gloves unavailable)
Will     .....                  (boots unavailable)
Stlth    +.........             (no amulet)
HPRegen  0.13/turn              (no ring)
MPRegen  0.12/turn              (no ring)

@: no status effects
A: large, unfitting armour, tough skin 1
a: no special abilities


You were on level 2 of the Dungeon.
You visited 1 branch of the dungeon, and saw 2 of its levels.

You collected 47 gold pieces.

Inventory:

Hand Weapons
 a - a +0 dagger (weapon)
Armour
 b - a +0 robe (worn)
 c - a +0 hat (worn)
Wands
 l - a wand of paralysis (10)
Scrolls
 e - a scroll of identify {unknown}
 g - a scroll of vulnerability {unknown}
 h - a scroll of immolation {unknown}
 i - a scroll of magic mapping {unknown}
 k - a scroll of enchant weapon {unknown}
Potions
 d - a potion of haste {unknown}
 f - a potion of heal wounds {unknown}
 j - a potion of curing


   Skills:
 + Level 1.0 Fighting
 + Level 0.1 Short Blades
 + Level 2.0 Dodging
 + Level 1.7 Stealth
 + Level 4.8 Spellcasting
 + Level 1.3 Conjurations
 + Level 1.0 Summonings
 + Level 0.8 Translocations


You had 5 spell levels left.
You knew the following spells:

 Your Spells              Type           Power      Damage    Failure   Level
a - Magic Dart            Conj           32%        1d4       9%          1
b - Call Imp              Summ           7%         N/A       16%         2
c - Blink                 Tloc           N/A        N/A       17%         2
d - Slow                  Hex            3%         N/A       24%         2

Your spell library contained the following spells:

 Spells                   Type           Power      Damage    Failure   Level
 Conjure Flame            Conj/Fire      6%         6-21      34%         3
 Mephitic Cloud           Conj/Pois/Air  5%         N/A       36%         3


Dungeon Overview and Level Annotations

Branches:
Dungeon (2/15)

Altars:


Innate Abilities, Weirdness & Mutations

You are too large for most types of armour.
You have tough skin. (AC +1)


Message History

Confirm with . or Enter, or press ? or * to list all spells.
Aiming: Magic Dart (safe; 9% risk of failure)
Press: ? - help, Shift-Dir - straight line, f/p - iguana
Aim: an iguana (ally target, 100% to hit)
The magic dart hits the iguana but does no damage.
The iguana bites you.
Your crimson imp blinks!
You hit the iguana but do no damage. The iguana bites you.
Your crimson imp blinks!
Casting: Magic Dart (safe; 9% risk of failure)
Confirm with . or Enter, or press ? or * to list all spells.
Aiming: Magic Dart (safe; 9% risk of failure)
Press: ? - help, Shift-Dir - straight line, f/p - iguana
Aim: an iguana (ally target, 100% to hit)
The magic dart hits the iguana but does no damage.
The iguana closely misses you.
Your crimson imp blinks!
Casting: Magic Dart (safe; 9% risk of failure)
Confirm with . or Enter, or press ? or * to list all spells.
Aiming: Magic Dart (safe; 9% risk of failure)
Press: ? - help, Shift-Dir - straight line, f/p - iguana
Aim: an iguana (100% to hit)
The magic dart hits the iguana but does no damage.
The iguana bites you. The iguana bites you!
* * * LOW HITPOINT WARNING * * *
You hit the iguana but do no damage. The iguana bites you.
* * * LOW HITPOINT WARNING * * *
Your magical contamination has completely faded away.
It was a potion of curing.
You feel better. The iguana bites you!
* * * LOW HITPOINT WARNING * * *
Your crimson imp blinks!
You feel better. The iguana bites you!
* * * LOW HITPOINT WARNING * * *
Your crimson imp blinks!
The iguana barely misses you.
Okay, then.
You hit the iguana but do no damage. The iguana barely misses you.
You barely miss the iguana. The iguana bites you!
You die...

#.# ###.###.###.[#
##### #P#.#.# #.######
#...#####.#####......#
####.......# #.####''#
#..........# #.# ♣..♣
####.###..## #.#
♣♣..♣♣ #.......###.#
♣.♣♣)♣
#####.#...#.##♣.♣♣.♣
#...@l...#♣♣..♣♣ ####
######...# ♣♣♣♣


PP. #.. #..#########. #############..###.###........
.....................5........ #.#########..###.#.####..#.... #.##
#..........#.# .## ... #..####.#....###.#.## .# . ##.##..§#.# #....## .# You
could see an iguana.

Vanquished Creatures
  3 dart slugs (D:2)
  6 bats
  2 endoplasms
  5 giant cockroaches
  3 goblins
  4 hobgoblins
  A jackal (D:1)
  3 kobolds (D:1)
  3 quokkas
  2 ball pythons
  2 frilled lizards (D:1)
  5 rats (D:1)
39 creatures vanquished.

Vanquished Creatures (collateral kills)
  2 adders (D:2)
  A jackal (D:1)
3 creatures vanquished.

Vanquished Creatures (others)
  A plant (D:1)
1 creature vanquished.

Grand Total: 43 creatures vanquished

Notes
Turn   | Place    | Note
-------+----------+-------------------------------------------
     0 | D:1      | spaced the Ogre Hedge Wizard began the quest for the Orb.
     0 | D:1      | Reached XP level 1. HP: 16/16 MP: 5/5
   211 | D:1      | Reached skill level 4 in Spellcasting
   272 | D:1      | Reached XP level 2. HP: 26/26 MP: 1/7
   333 | D:1      | Learned a level 2 spell: Call Imp
   836 | D:1      | Reached skill level 1 in Conjurations
  1122 | D:1      | Reached XP level 3. HP: 27/32 MP: 8/8
  1174 | D:1      | Found a faded altar of an unknown god.
  1182 | D:1      | Learned a level 2 spell: Blink
  1185 | D:1      | Learned a level 2 spell: Slow
  2450 | D:2      | Reached skill level 1 in Fighting
  2450 | D:2      | Reached skill level 1 in Summonings
  2457 | D:2      | Reached XP level 4. HP: 12/41 MP: 6/10
  2978 | D:2      | HP: 2/41 [iguana (4)]
  2992 | D:2      | Slain by an iguana

Illustrated notes

Levels and vault maps discovered:
D:1:      saegor_arrival_simple_a, layout_basic,
          shapermc_ecumenical_altar_hornbeckon
D:2:      layout_rooms, serial_aquarium, aquarium_bridge_long_joined
          [aquarium_subvault_bridge, aquarium_subvault_window,
          aquarium_subvault_bridge, aquarium_subvault_bridge,
          aquarium_subvault_wall, aquarium_subvault_wall],
          aquarium_bridge_square [aquarium_subvault_bridge,
          aquarium_subvault_bridge, aquarium_subvault_balcony,
          aquarium_subvault_balcony], aquarium_window_3, aquarium_window_corner,
          aquarium_window_2, aquarium_view_2d, aquarium_balcony_3b,
          kennysheep_generic_room_15

Skill      XL: |  1  2  3 |
---------------+----------+-----
Spellcasting   | 4 |  4.8
Conjurations   | 1 |  1.3
Dodging        | 2 |  2.0
Fighting       | 1 |  1.0
Summonings     | 1 |  1.0
Short Blades   | |  0.1
Stealth        | |  1.7
Translocations | |  0.8

Action                   |  1- 3 |  4- 6 || total
-------------------------+-------+-------++-------
Melee: Dagger            |   100 |    10 ||   110
 Cast: Magic Dart        |    82 |    20 ||   102
       Call Imp          |     2 |     1 ||     3
  Use: Potion            |       |     2 ||     2
 Stab: Sleeping          |     2 |       ||     2
Armor: Robe              |    40 |     2 ||    42
Dodge: Dodged            |    61 |     7 ||    68
